 Dungeon Crawl Stone Soup version 0.20.0-8-g6b59dc7 (webtiles) character file.

72 Jumperg the Shooter (level 4, 0/35 HPs)
             Began as a Centaur Arcane Marksman on May 30, 2017.
             Succumbed to an adder's poison
             ... on level 2 of the Dungeon.
             The game lasted 00:16:31 (1912 turns).

Jumperg the Shooter (Centaur Arcane Marksman)       Turns: 1912, Time: 00:16:31

Health: 0/35       AC:  5    Str: 12    XL:     4   Next: 6%
Magic:  6/6        EV: 10    Int: 13    God:
Gold:   77         SH:  0    Dex: 10    Spells: 5/6 levels left

rFire    . . .     SeeInvis .   m - +0 short sword
rCold    . . .     Gourm    .   (no shield)
rNeg     . . .     Faith    .   e - +0 robe
rPois    .         Spirit   .   g - +0 hat
rElec    .         Reflect  .   (no cloak)
rCorr    .         Harm     .   l - +0 pair of gloves
MR       .....                  (no barding)
Stlth    +.........             (no amulet)
Regen    0.2/turn               (no ring)
MPRegen  0.1/turn               (no ring)

@: lethally poisoned (0 -> -4), very quick
A: hooves 3, deformed body, speed 2, tough skin 3
a: no special abilities


You were on level 2 of the Dungeon.
You were hungry.

You visited 1 branch of the dungeon, and saw 2 of its levels.

You collected 77 gold pieces.

Inventory:

Hand Weapons
 a - a +0 shortbow
 m - a +0 short sword (weapon)
Missiles
 d - 21 arrows
 k - 16 bolts
Armour
 e - a +0 robe (worn)
 g - a +0 hat (worn)
 l - a +0 pair of gloves (worn)
Jewellery
 o - an uncursed ring of magical power {unknown}
 p - an uncursed ring of see invisible {unknown}
 s - a cursed -5 ring of dexterity {unknown}
Scrolls
 b - 2 scrolls of identify {unknown}
 n - a scroll of fog {unknown}
 t - a scroll of remove curse {unknown}
Potions
 i - a potion of agility {unknown}
 j - 2 potions of curing {unknown}
 q - a potion of brilliance {unknown}
Books
 c - a book of Debilitation

   Spells                             Type                      Level
   a - Corona                         Hexes                        1
   b - Slow                           Hexes                        2
   c - Inner Flame                    Hexes/Fire                   3
   d - Portal Projectile              Hexes/Translocation          3
   e - Cause Fear                     Hexes                        4
   f - Leda's Liquefaction            Hexes/Earth                  4
Comestibles
 f - 2 bread rations
 r - a meat ration


   Skills:
 - Level 1.0 Fighting
 + Level 3.5 Bows
 - Level 2.0 Dodging
 + Level 1.5 Spellcasting
 + Level 3.3 Hexes


You had 5 spell levels left.
You knew the following spells:

 Your Spells              Type           Power        Failure   Level  Hunger
a - Corona                Hex            #......      7%          1    ##.....


Dungeon Overview and Level Annotations

Branches:
Dungeon (2/15)

Altars:


Innate Abilities, Weirdness & Mutations

You have hooves in place of feet.
Armour fits poorly on your strangely shaped body.
You cover ground very quickly.
You have extremely tough skin. (AC +3)


Message History

* * * LOW HITPOINT WARNING * * *
The adder closely misses you.
You barely miss the adder.
The adder is heavily wounded.
The rat bites you but does no damage. The adder barely misses you.
The rat bites you but does no damage.
You hit the adder.
The adder is severely wounded.
* * * LOW HITPOINT WARNING * * *
You feel sick. The adder closely misses you. The rat bites you.
* * * LOW HITPOINT WARNING * * *
You hit the adder but do no damage. You kick the adder.
The adder is almost dead.
The adder barely misses you. The adder completely misses you.
The rat barely misses you.
You hit the adder.
You kill the adder!
You have reached level 4!
You feel agile.
You die...

#†#..'.'..#.#...#
#.####.##'#.#...#
#..........(#<..#
#.####.##'#.#...#
#.# #.#..#.#...# #.#
+.+..#.#...#
#.####.####(#...#
#...........(.>.#
#############@..####
.......>.r.#+.....
###..........####
#..........#
#..........#
#..........#
#####......#
#......# #......#


You could see a rat.

Vanquished Creatures
  2 adders (D:2)
  A worm (D:2)
  2 dart slugs (D:1)
  A leopard gecko (D:1)
  5 bats (D:1)
  2 giant cockroaches (D:1)
  6 goblins (D:1)
  4 hobgoblins (D:1)
  6 jackals
  A ball python (D:1)
  4 frilled lizards
  3 kobolds (D:1)
  7 rats
44 creatures vanquished.

Notes
Turn   | Place    | Note
-------+----------+-------------------------------------------
     0 | D:1      | Jumperg the Centaur Arcane Marksman began the quest for the Orb.
     0 | D:1      | Reached XP level 1. HP: 16/16 MP: 2/2
   251 | D:1      | Reached XP level 2. HP: 17/23 MP: 3/3
   758 | D:1      | Reached XP level 3. HP: 28/28 MP: 3/5
  1910 | D:2      | HP: 1/28 [rat (2)]
  1912 | D:2      | Reached XP level 4. HP: 1/35 MP: 6/6
  1912 | D:2      | Succumbed to an adder's poison

Skill      XL: |  1  2  3 |
---------------+----------+-----
Bows           | 3 |  3.5
Hexes          | 3 |  3.3
Dodging        | 2 |  2.0
Fighting       | |  1.0
Spellcasting   | |  1.5

Action                   |  1- 3 |  4- 6 || total
-------------------------+-------+-------++-------
Melee: Unarmed           |    21 |       ||    21
       Kick              |     8 |       ||     8
       Short sword       |    58 |       ||    58
 Fire: Shortbow          |    89 |       ||    89
 Cast: Corona            |    15 |       ||    15
  Eat: Chunk             |     2 |       ||     2
Armor: Robe              |    46 |       ||    46
Dodge: Dodged            |    66 |       ||    66
